 Seeded DCSS version 0.27.0-1-g7a08968 (webtiles) character file.

Game seed: 4303278513014279070 (custom seed)

2885 bananamous the Fighter (level 9, -1/78 HPs)
             Began as a Demonspawn Gladiator on Aug 19, 2021.
             Slain by Maggie (8 damage)
             ... on level 7 of the Dungeon.
             The game lasted 00:21:48 (6805 turns).

bananamous the Fighter (Demonspawn Gladiator)       Turns: 6805, Time: 00:21:49

Health: -1/78      AC: 11    Str: 18    XL:     9   Next: 48%
Magic:  9/9        EV: 10    Int: 10    God:
Gold:   344        SH:  6    Dex: 20    Spells: 8/8 levels left

rFire    . . .     SeeInvis +   e - +9 broad axe of Analysis {pain, rElec}
rCold    . . .     Faith    .   I - +1 buckler
rNeg     . . .     Spirit   .   E - +0 chain mail
rPois    .         Reflect  .   c - +0 helmet
rElec    +         Harm     .   (no cloak)
rCorr    .         Rampage  .   p - +0 pair of gloves
Will     .....                  B - +0 pair of boots
Stlth    ..........             (no amulet)
HPRegen  0.23/turn              g - ring of see invisible
MPRegen  0.11/turn              s - +6 ring of dexterity

@: attractive, flying, mesmerised
A: talons 1, repulsion field 1, demonic guardian 2, ignite blood 2
a: no special abilities


You were on level 7 of the Dungeon.
You visited 1 branch of the dungeon, and saw 7 of its levels.

You collected 344 gold pieces.

Inventory:

Hand Weapons
 a - a +1 war axe
 e - the +9 broad axe of Analysis (weapon) {pain, rElec}
   (You acquired it on level 1 of the Dungeon)

   In the hands of one skilled in necromantic magic, it inflicts extra damage on
   living creatures.
   rElec:     It insulates you from electricity.
Missiles
 d - 4 throwing nets
 y - 6 boomerangs (quivered)
Armour
 b - a +0 leather armour
 c - a +0 helmet (worn)
 m - a +0 ring mail
 p - a +0 pair of gloves (worn)
 v - a +0 scale mail
 B - a +0 pair of boots (worn)
 E - a +0 chain mail (worn)
 I - a +1 buckler (worn)
Jewellery
 g - a ring of see invisible (left hand)
 l - a ring of fire
 s - a +6 ring of dexterity (right hand)
 C - a ring of protection from cold
 L - a +6 ring of dexterity
Wands
 u - a wand of mindburst (6)
Scrolls
 f - a scroll of fog {unknown}
 j - 2 scrolls of enchant weapon
 o - a scroll of teleportation {unknown}
 q - a scroll of immolation {unknown}
 t - a scroll of enchant armour
 w - a scroll of amnesia
 z - a scroll of blinking {unknown}
 J - 3 scrolls of identify
Potions
 h - a potion of flight
 i - 3 potions of attraction
 n - a potion of heal wounds {unknown}
 r - a potion of mutation {unknown}
 x - a potion of ambrosia {unknown}
 A - a potion of curing {unknown}
 D - a potion of might {unknown}
 F - a potion of berserk rage
 G - a potion of cancellation {unknown}
 H - 2 potions of magic {unknown}
 K - a potion of resistance {unknown}


   Skills:
 + Level 9.8 Fighting
 * Level 7.8 Axes
 - Level 1.7 Throwing
 + Level 1.6 Armour
 + Level 3.4 Dodging
 + Level 1.7 Shields


You had 8 spell levels left.
You didn't know any spells.
Your spell library contained the following spells:

 Spells                   Type           Power      Damage    Failure   Level
 Beastly Appendage        Tmut           0%         N/A       100%        1
 Corona                   Hex            0%         N/A       100%        1
 Foxfire                  Conj/Fire      0%         2x1d4     100%        1
 Ensorcelled Hibernation  Hex/Ice        0%         N/A       100%        2
 Wereblood                Tmut           0%         N/A       100%        2
 Conjure Flame            Conj/Fire      0%         6-21      100%        3
 Inner Flame              Hex/Fire       0%         N/A       100%        3
 Spider Form              Tmut/Pois      0%         N/A       100%        3
 Stone Arrow              Conj/Erth      0%         3d7       100%        3
 Tukima's Dance           Hex            0%         N/A       100%        3
 Animate Armour           Summ/Erth      0%         N/A       100%        4
 Cause Fear               Hex            0%         N/A       100%        4
 Discord                  Hex            0%         N/A       100%        8
 Lehudib's Crystal Spear  Conj/Erth      0%         10d2      100%        8


Dungeon Overview and Level Annotations

Branches:
Dungeon (7/15)
 Temple: D:4-7

Altars:
Cheibriados
Kikubaaqudgha

Annotations:
D:2 Sigmund
D:7 Maggie


Innate Abilities, Weirdness & Mutations

You have sharp toenails.
You are surrounded by a mild repulsion field. (EV +2)
A demonic guardian rushes to your aid.
Your demonic aura often causes spilled blood to erupt in flames.


Message History

You feel very sick. Maggie is pulled toward you!
The killer bee is pulled toward you!
You feel very sick.
The killer bee is engulfed in blazing flames.
You kill the killer bee!
Maggie is pulled toward you!
You feel sick. Maggie is pulled toward you!
You feel very buoyant.
You fly up into the air.
You feel sick. Maggie is pulled toward you!
You feel sick. Maggie is pulled toward you!
You feel sick. Maggie is pulled toward you!
You feel sick. Maggie is pulled toward you!
You feel sick. Maggie is pulled toward you!
You feel sick. Maggie is pulled toward you!
You feel sick.
You are no longer poisoned.
Maggie is pulled toward you! Maggie is pulled toward you!
Maggie seems to regain her courage.
Maggie is pulled toward you!
Maggie mumbles some strange words.
Maggie attempts to bespell you!
You are mesmerised by Maggie!
Maggie is pulled toward you!
You cannot move away from Maggie!
Really fly into that dispersal trap?
You enter a dispersal trap!
Maggie blinks! x2; You blink.
Maggie is pulled toward you!
Found a ring mail.
Okay, then.
As you read the scroll labelled XENOAT LUGU, it crumbles to dust.
It is a scroll of enchant armour.
Your +0 buckler glows green for a moment.
Maggie casts a spell at you. The bolt of fire hits you!
* * * LOW HITPOINT WARNING * * *
A demonic guardian appears!
Maggie is pulled toward you!
Okay, then.
It was a potion of berserk rage.
You are too mesmerised to rage.
Maggie hits you with a +1 vorpal long sword!
You die...

###..#####.#.###.#.#####
# ####.#.###.#.4.... #
##..†....#....####.
#.#........#..### ##† #
#.#......[.#..# #..
##.#...###.#....## #..
.........#..###########..
##.......#..#............
.......@@.....§≈≈≈.......
............#§.≈.≈.).....
###..#.$4#..#..≈.≈#.###..
#.........###≈.≈#...... .
#.....###.# ##.##.#.#.. #
#.###[ .# #.##.#.#.# # .#
... .# # .......... ##.##
.. . #.#.###.... ≈..≈≈
####)


You could see Maggie (mesmerising, ally target) and a friendly rust devil
(summoned).

Vanquished Creatures
  Prince Ribbit (D:7)
  4 yaks
  A water moccasin (D:6)
  An ice beast (D:5)
  4 ogres
  2 black bears
  2 necrophages
  3 scorpions
  5 killer bees (D:7)
  A wight (D:7)
  A howler monkey (D:4)
  A centaur zombie (D:6)
  A bullfrog zombie (D:5)
  5 hounds
  2 jellies (D:6)
  An orc priest (D:4)
  A gnoll shaman (D:5)
  2 bullfrog skeletons
  Natasha (twice) (D:2)
  An iguana (D:6)
  An orc wizard (D:4)
  2 hound skeletons
  4 gnolls (D:5)
  A howler monkey zombie (D:7)
  4 adders
  A howler monkey skeleton (D:6)
  An ufetubus (D:2)
  An adder skeleton (D:4)
  A worm (D:3)
  7 dart slugs
  13 orcs
  4 endoplasms
  3 giant cockroaches
  4 goblins
  4 hobgoblins
  2 jackals (D:1)
  2 quokkas
  A ball python (D:3)
  4 bats
  6 frilled lizards
  12 kobolds
  8 rats
  A bush (D:3)
128 creatures vanquished.

Vanquished Creatures (collateral kills)
  4 wights (D:7)
  A goblin (D:4)
  A hobgoblin (D:3)
6 creatures vanquished.

Vanquished Creatures (others)
  11 plants
11 creatures vanquished.

Grand Total: 145 creatures vanquished

Notes
Turn   | Place    | Note
-------+----------+-------------------------------------------
     0 | D:1      | bananamous the Demonspawn Gladiator began the quest for the
                  | Orb.
     0 | D:1      | Reached XP level 1. HP: 16/16 MP: 1/1
    24 | D:1      | Identified a scroll of acquirement
    24 | D:1      | Acquired the +9 broad axe of Analysis {pain, rElec}
   212 | D:1      | Gained mutation: You have sharp toenails. [demonic
                  | ancestry]
   212 | D:1      | Reached XP level 2. HP: 23/23 MP: 2/2
   517 | D:1      | Reached skill level 3 in Fighting
   789 | D:2      | Gained mutation: Your demonic aura sometimes causes spilled
                  | blood to erupt in flames. [demonic ancestry]
   789 | D:2      | Reached XP level 3. HP: 29/29 MP: 3/3
   952 | D:2      | Noticed Natasha
   955 | D:2      | Killed Natasha
   956 | D:2      | Reached skill level 4 in Fighting
   956 | D:2      | Gained mutation: A weak demonic guardian rushes to your
                  | aid. [demonic ancestry]
   956 | D:2      | Reached XP level 4. HP: 31/37 MP: 4/4
  1087 | D:2      | Noticed Sigmund
  1211 | D:2      | Noticed Natasha
  1215 | D:2      | Killed Natasha
  1719 | D:3      | Reached skill level 5 in Fighting
  1850 | D:3      | Noticed a necrophage
  1857 | D:3      | Killed a necrophage
  1858 | D:3      | Gained mutation: A demonic guardian rushes to your aid.
                  | [demonic ancestry]
  1858 | D:3      | Reached XP level 5. HP: 39/46 MP: 5/5
  2377 | D:3      | Reached skill level 6 in Fighting
  2677 | D:4      | Noticed an ogre
  2786 | D:4      | Reached XP level 6. HP: 52/52 MP: 6/6
  3564 | D:4      | Reached skill level 7 in Fighting
  3947 | D:4      | Gained mutation: You are surrounded by a mild repulsion
                  | field. (EV +2) [demonic ancestry]
  3947 | D:4      | Reached XP level 7. HP: 58/60 MP: 7/7
  4092 | D:4      | Reached skill level 8 in Fighting
  4224 | D:5      | Entered Level 5 of the Dungeon
  4586 | D:5      | Reached XP level 8. HP: 69/69 MP: 8/8
  4972 | D:6      | Reached skill level 5 in Axes
  5109 | D:5      | Reached skill level 9 in Fighting
  5702 | D:6      | Gained mutation: Your demonic aura often causes spilled
                  | blood to erupt in flames. [demonic ancestry]
  5702 | D:6      | Reached XP level 9. HP: 75/77 MP: 9/9
  6176 | D:6      | Found a snail-covered altar of Cheibriados.
  6181 | D:6      | Found an ancient bone altar of Kikubaaqudgha.
  6550 | D:7      | Reached skill level 1 in Armour
  6550 | D:7      | Reached skill level 1 in Shields
  6623 | D:7      | Noticed Prince Ribbit
  6626 | D:7      | Killed Prince Ribbit
  6765 | D:7      | Noticed Maggie
  6805 | D:7      | Slain by Maggie

Illustrated notes

Levels and vault maps discovered:
D:1:      scummos_arrival_hexagon, layout_loops_ring, lexackson_kobold_supper
D:2:      layout_basic, minmay_pentomino_t4, uniq_sigmund, uniq_natasha
D:3:      layout_loops_corners, minmay_hedge_maze, minmay_misc_feat_encased
D:4:      layout_basic, kennysheep_small_spiral, serial_bayou_crossing
D:5:      layout_basic
D:6:      layout_cave_pools, mainiacjoe_overflow_big_doors
D:7:      layout_basic, minmay_temple_entry_hall, serial_rivers,
          chequers_serial_rivers_micro_d, chequers_serial_rivers_small_a,
          chequers_serial_rivers_micro_d, chequers_serial_rivers_large_a,
          chequers_serial_rivers_small_a, uniq_prince_ribbit1, uniq_maggie

Skill      XL: |  1  2  3  4  5  6  7  8  9 |
---------------+----------------------------+-----
Fighting       | 3 4 5 6 7 8 9 |  9.8
Axes           | 4 7 |  7.8
Dodging        | 3 |  3.4
Armour         | 1 |  1.6
Shields        | 1 |  1.7
Throwing       | |  1.7

Action                   |  1- 3 |  4- 6 |  7- 9 || total
-------------------------+-------+-------+-------++-------
Melee: Broad axe         |    43 |    99 |   101 ||   243
       Kick              |     4 |    18 |    14 ||    36
Throw: Boomerang         |       |       |     8 ||     8
       Throwing net      |       |       |     1 ||     1
  Use: Scroll            |     1 |       |     6 ||     7
       Potion            |       |       |     3 ||     3
 Stab: Sleeping          |     2 |       |       ||     2
Armor: Leather armour    |    10 |     8 |       ||    18
       Ring mail         |       |    17 |       ||    17
       Scale mail        |       |     7 |    26 ||    33
       Chain mail        |       |       |    26 ||    26
Dodge: Dodged            |    21 |    62 |    90 ||   173
Block: Buckler           |       |       |     4 ||     4
